 Dungeon Crawl Stone Soup version 0.22-a0-305-gd21a89c (webtiles) character file.

14 mhoghedin the Grave Robber (level 2, 8/19 (20) HPs)
             Began as a Ghoul Necromancer on Mar 29, 2018.
             Quit the game on level 1 of the Dungeon.
             The game lasted 00:03:59 (705 turns).

mhoghedin the Grave Robber (Ghoul Necromancer)       Turns: 705, Time: 00:04:00

HP:   8/19 (20)     AC:  2    Str: 10 (11) XL:     2   Next: 45%
MP:   0/3           EV: 12    Int:  7 (10) God:
Gold: 50            SH:  0    Dex:  8 (9)  Spells: 3/4 levels left

rFire    . . .     SeeInvis .   (no weapon)
rCold    + . .     Gourm    .   (no shield)
rNeg     + + +     Faith    .   a - +0 robe
rPois    ∞         Spirit   .   (no helmet)
rElec    .         Reflect  .   (no cloak)
rCorr    .         Harm     .   (no gloves)
MR       .....                  (no boots)
Stlth    ++........             (no amulet)
HPRegen  0.00/turn              (no ring)
MPRegen  0.08/turn              (no ring)

@: very slightly contaminated, rotting
A: rotting body, claws 1, carnivore, cold resistance 1, negative energy
resistance 3, inhibited regeneration, torment resistance, unbreathing
a: no special abilities


You were on level 1 of the Dungeon.
You were not hungry.

You visited 1 branch of the dungeon, and saw 1 of its levels.

You collected 50 gold pieces.

Inventory:

Hand Weapons
 f - a +0 hunting sling
   (You found it on level 1 of the Dungeon)
Armour
 a - a +0 robe (worn)
Scrolls
 b - a scroll of enchant weapon {unknown}
 d - 2 scrolls of identify {unknown}
Comestibles
 c - a ration


   Skills:
 - Level 1.7 Dodging
 - Level 2.1 Stealth
 - Level 1.7 Spellcasting
 + Level 4.6 Necromancy


You had 3 spell levels left.
You knew the following spells:

 Your Spells              Type           Power        Failure   Level  Hunger
a - Pain                  Necr           #...         6%          1    ##.....


Dungeon Overview and Level Annotations

Branches:
Dungeon (1/15)

Altars:


Innate Abilities, Weirdness & Mutations

Your body is rotting away.
You thrive on raw meat.
You are immune to poison.
You have sharp fingernails.
You are carnivorous and can eat meat at any time.
Your flesh is cold resistant. (rC+)
You are immune to negative energy. (rN+++)
You do not regenerate when monsters are visible.
You are immune to unholy pain and torment.
You can survive without breathing.


Message History

Aim: a frilled lizard (chance to defeat MR: 76%)
The frilled lizard writhes in agony!
You kill the frilled lizard!
You now have 2/3 mp.
A bat comes into view.
A bat is nearby!
Okay, then.
Unknown command.
Aim: a bat (resting, chance to defeat MR: 76%)
The bat writhes in agony!
The bat hits you.
You take 1 damage, and have 19/20 hp.
You now have 1/3 mp.
Aim: a bat (severely wounded, chance to defeat MR: 76%)
The bat writhes in agony!
You kill the bat!
You now have 0/3 mp.
You start resting.
Health restored: 20; MP restored: 3
b - a scroll labeled ZETWUM HAIFERPH You see here a kobold skeleton.
You feel your flesh rotting away.
You enter the shallow water.
Moving in this stuff is going to be slow.
You now have 36 gold pieces (gained 8).
f - a hunting sling You take 1 damage, and have 19/19 hp.
Found an escape hatch in the floor.
Unknown command.
You now have 50 gold pieces (gained 14).
A rat comes into view.
A rat is nearby!
There is an escape hatch in the floor here.
Aim: a rat (resting, chance to defeat MR: 76%)
The rat writhes in agony!
You kill the rat!
You now have 2/3 mp.
A hobgoblin comes into view.
A hobgoblin is nearby!
MP restored: 3 You can't see any susceptible monsters within range! (Use Z to cast anyway.) Unknown command.
The hobgoblin shouts!
Aim: a hobgoblin (chance to defeat MR: 78%)
The hobgoblin writhes in agony!
You kill the hobgoblin!
You now have 2/3 mp.
You start resting.
MP restored: 3 You see here 21 stones.
A hobgoblin comes into view. It is wielding a club.
A hobgoblin is nearby!
A hobgoblin is nearby!
Unknown command. 2 hobgoblins come into view.
The hobgoblin shouts! x3
Okay, then.
Unknown command.
Unknown command.
Unknown command.
Unknown command.
A bat comes into view.
The bat hits you but does no damage. x2
The bat hits you.
You take 1 damage, and have 18/19 hp.
The bat hits you but does no damage. The bat hits you but does no damage.
The bat hits you.
You take 1 damage, and have 17/19 hp.
Unknown command.
The bat hits you but does no damage. The bat closely misses you.
The bat barely misses you. x2
Aim: a bat (chance to defeat MR: 78%)
The bat writhes in agony!
You kill the bat!
You now have 2/3 mp.
Aim: a hobgoblin, wielding a club (chance to defeat MR: 78%)
You miscast Pain.
You are very lightly contaminated with residual magic.
Nothing appears to happen.
You now have 1/3 mp.
Aim: a hobgoblin, wielding a club (chance to defeat MR: 78%)
The hobgoblin writhes in agony!
The hobgoblin hits you with a club.
You take 4 damage, and have 13/19 hp.
MASSIVE DAMAGE!!
You now have 0/3 mp.
Unknown command.
It was a potion of degeneration.
There was something very wrong with that liquid.
You feel weakened.
You feel dopey.
You feel clumsy. The hobgoblin hits you with a club.
You take 3 damage, and have 10/19 hp.
Unknown command.
Unknown command.
Unknown command.
Unknown command.
Unknown command.
Aim: a hobgoblin, wielding a club (almost dead, chance to defeat MR: 71%)
The hobgoblin struggles to resist.
The hobgoblin hits you with a club.
You take 2 damage, and have 8/19 hp.
You now have 0/3 mp.

###########################
........>.....@g.gg.......#
######.###.#############.#
.######.###.## #.#
.............# #g#
..#####.#.#..# #.##
#......# #.g# #.#..#.# ##.#
#.##.#.# #.# #.##.#.# #.##


You could see 3 hobgoblins.

Vanquished Creatures
  A leopard gecko (D:1)
  4 bats (D:1)
  2 goblins (D:1)
  A hobgoblin (D:1)
  A kobold (D:1)
  A frilled lizard (D:1)
  A rat (D:1)
11 creatures vanquished.

Notes
Turn   | Place    | Note
-------+----------+-------------------------------------------
     0 | D:1      | mhoghedin the Ghoul Necromancer began the quest for the Orb.
     0 | D:1      | Reached XP level 1. HP: 14/14 MP: 2/2
   241 | D:1      | Reached XP level 2. HP: 20/20 MP: 0/3
   705 | D:1      | Quit the game

Vault maps used:
D:1:      lightli_arrival_chessboard, serial_bayou_pond_e, chequers_big_river,
          st_stairs_9

Action                   || total
-------------------------++-------
Melee: Unarmed           ||    14
 Cast: Pain              ||    18
  Use: Potion            ||     1
  Eat: Chunk             ||     4
Armor: Robe              ||    19
Dodge: Dodged            ||    27

Table legend:
 A = Spawn XP
 B = Non-spawn XP
 C = Spawn XP percentage of total XP
 D = Spawn monster count
 E = Non-spawn monster count
 F = Spawn count percentage of total count
 G = Total turns spent on level
                    A         B        C        D         E        F      G
               +---------+---------+-------+---------+---------+-------+---------
         Total |       0 |      21 |   0.0 |       0 |      11 |   0.0 |   705
               +---------+---------+-------+---------+---------+-------+---------
           D:1 |       0 |      21 |   0.0 |       0 |      11 |   0.0 |   705
               +---------+---------+-------+---------+---------+-------+---------

Vault maps used:
D:1:      lightli_arrival_chessboard, serial_bayou_pond_e, chequers_big_river,
          st_stairs_9

Table legend:
 A = Turns spent in this place as a percentage of turns spent in the entire game.
 B = Non-inter-level travel turns spent in this place as a percentage of non-inter-level travel turns spent in the entire game.
 C = Inter-level travel turns spent in this place as a percentage of turns spent in this place.
 D = Turns resting spent in this place as a percentage of non-inter-level travel turns spent in this place.
 E = Turns spent auto-exploring this place as a percentage of non-inter-level travel turns spent in this place.
 F = Non-inter-level travel turns spent in this place divided by the number of levels of this place that you've seen.
                   A       B       C       D       E      F
               +-------+-------+-------+-------+-------+----------------------
         Total | 100.0 | 100.0 |   0.0 |  39.1 |  37.9 | 705.0
       Dungeon | 100.0 | 100.0 |   0.0 |  39.1 |  37.9 | 705.0
               +-------+-------+-------+-------+-------+----------------------

Table legend:
 A = Kills in this place as a percentage of kills in entire the game.
 B = Kills by you in this place as a percentage of kills by you in the entire game.
 C = Kills by friends in this place as a percentage of kills by friends in the entire game.
 D = Other kills in this place as a percentage of other kills in the entire game.
 E = Experience gained in this place as a percentage of experience gained in the entire game.
 F = Experience gained in this place divided by the number of levels of this place that you have seen.
                   A       B       C       D       E      F
               +-------+-------+-------+-------+-------+----------------------
         Total | 100.0 | 100.0 |   N/A |   N/A | 100.0 |  21.0
       Dungeon | 100.0 | 100.0 |   N/A |   N/A | 100.0 |  21.0
               +-------+-------+-------+-------+-------+----------------------
